 Dungeon Crawl Stone Soup version 0.23.2-33-g5129a83184 (webtiles) character file.

Game seed: 6091669383863547387

606 psyvane the Agent of Entropy (level 7, 0/52 HPs)
             Began as a Demonspawn Abyssal Knight on July 14, 2019.
             Was a Priest of Lugonu.
             Slain by Blork the orc
             ... wielding a +0 dire flail
              (11 damage)
             ... on level 6 of the Dungeon.
             The game lasted 00:15:28 (4477 turns).

psyvane the Agent of Entropy (DsAK)                 Turns: 4477, Time: 00:15:29

Health: 0/52       AC: 13    Str: 14    XL:     7   Next: 19%
Magic:  11/11      EV: 11    Int: 14    God:    Lugonu [***...]
Gold:   237        SH:  0    Dex: 12    Spells: 6/6 levels left

rFire    . . .     SeeInvis +   j - +3 spear (pierce)
rCold    . . .     Gourm    +   (no shield)
rNeg     . . .     Faith    .   s - +2 leather armour {MR+}
rPois    .         Spirit   .   (helmet unavailable)
rElec    .         Reflect  .   d - +0 cloak
rCorr    .         Harm     .   p - +0 pair of gloves
MR       +....                  (no boots)
Stlth    +.........             f - amulet of the gourmand
HPRegen  0.17/turn              (no ring)
MPRegen  0.12/turn              (no ring)

@: sanguine armour
A: antennae 3, sanguine armour 1
a: Depart the Abyss, Bend Space, Banish, Renounce Religion


You were on level 6 of the Dungeon.
You worshipped Lugonu.
Lugonu was most pleased with you.
You were completely stuffed.

You visited 1 branch of the dungeon, and saw 6 of its levels.
You visited the Abyss 1 time.

You collected 237 gold pieces.

Inventory:

Hand Weapons
 j - a +3 spear of piercing (weapon)
Armour
 d - a +0 cloak (worn)
 p - a +0 pair of gloves (worn)
 s - a +2 leather armour of magic resistance (worn)
Jewellery
 f - an amulet of the gourmand (around neck)
Wands
 r - a wand of disintegration (13)
Scrolls
 e - a scroll of magic mapping {unknown}
 h - a scroll of remove curse
 k - 2 scrolls of amnesia {unknown}
 n - a scroll of immolation {unknown}
 q - 2 scrolls of identify
Potions
 a - 3 potions of flight
 b - a potion of heal wounds {unknown}
 g - a potion of berserk rage {unknown}
 l - 3 potions of degeneration
 m - a potion of ambrosia
 o - a potion of might
Comestibles
 c - 10 rations
 i - a chunk of flesh


   Skills:
 - Level 3.0 Fighting
   Level 2.5 Long Blades
 * Level 5.4 Polearms
 - Level 1.7 Armour
 - Level 0.8 Dodging
 - Level 6.0 Invocations


You had 6 spell levels left.
You didn't know any spells.
Your spell library was empty.

Dungeon Overview and Level Annotations

Branches:
Dungeon (6/15)
 Temple: D:4-7

Altars:
Dithmenos

Shops:
D:5 (

Annotations:
D:6 Blork the orc, Menkaure


Innate Abilities, Weirdness & Mutations

You have a pair of large antennae on your head. (SInv)
When seriously injured, your bleeding wounds create armour. (AC +6)


Message History

A bullfrog comes into view.
Blork the orc points at you and mumbles some strange words.
The puff of frost hits you but does no damage.
Menkaure barely misses you.
A bullfrog comes into view.
The bullfrog gives a loud, deep croak!
You completely miss the orc. The orc barely misses you.
Blork the orc gestures wildly while chanting.
Blork the orc seems to speed up.
Menkaure calls on the powers of darkness!
Your body is wracked with pain!
The bullfrog convulses!
The orc convulses!
Blork the orc convulses!
The bullfrog convulses!
The orc closely misses you. The bullfrog barely misses you.
There is a stone staircase leading up here.
Blork the orc casts a spell at you. The puff of frost hits you.
* * * LOW HITPOINT WARNING * * *
The bullfrog hits you but does no damage.
Blork the orc hits you with a +0 dire flail!
You die...

#.... . #.#.# ..
#.#.#####
..#####.#.#... #
..........#####
#.##.#..#...%....
#.#..............
#..F.....<..!....
#..@o.M..........
#...Fo...........
.....#.......).....
..####.......####...#
#..>###.# ##.. ....##
#.# . #... #.. ...


You could see Blork the orc, Menkaure, 2 bullfrogs and an orc.

Vanquished Creatures
  Duvessa (D:5)
  A centaur (D:3)
  Dowan (D:5)
  A jelly (D:3)
  A gnoll shaman (D:5)
  2 hounds
  An iguana (D:5)
  8 gnolls
  4 adders
  4 oozes
  3 worms
  2 dart slugs
  4 leopard geckos
  6 orcs
  4 giant cockroaches
  13 goblins
  A hobgoblin (D:2)
  4 jackals
  4 quokkas
  2 ball pythons
  8 bats
  9 frilled lizards
  A giant cockroach zombie (D:5)
  6 kobolds
  5 rats
96 creatures vanquished.

Notes
Turn   | Place    | Note
-------+----------+-------------------------------------------
     0 | Abyss:1  | psyvane the Demonspawn Abyssal Knight began the quest for
                  | the Orb.
     0 | Abyss:1  | Reached XP level 1. HP: 18/18 MP: 2/2
     2 | Abyss:1  | Noticed a starcursed mass
     2 | Abyss:1  | Noticed an iron imp
     8 | D:1      | Escaped the Abyss
   230 | D:1      | Reached * piety under Lugonu
   268 | D:1      | Gained mutation: You have a pair of small antennae on your
                  | head. [demonic ancestry]
   268 | D:1      | Reached XP level 2. HP: 21/24 MP: 3/3
   436 | D:1      | Reached skill level 1 in Polearms
   696 | D:1      | Gained mutation: You have a pair of antennae on your head.
                  | [demonic ancestry]
   696 | D:1      | Reached XP level 3. HP: 27/29 MP: 4/4
  1302 | D:2      | Gained mutation: You have a pair of large antennae on your
                  | head. (SInv) [demonic ancestry]
  1302 | D:2      | Reached XP level 4. HP: 27/35 MP: 5/5
  1400 | D:2      | Reached ** piety under Lugonu
  2419 | D:3      | Gained mutation: When seriously injured, your bleeding
                  | wounds create armour. (AC +6) [demonic ancestry]
  2419 | D:3      | Reached XP level 5. HP: 33/41 MP: 6/6
  2578 | D:3      | Noticed a centaur
  2833 | D:3      | Killed a centaur
  3117 | D:4      | Reached skill level 5 in Polearms
  3119 | D:4      | Reached XP level 6. HP: 47/47 MP: 7/7
  3241 | D:4      | Reached *** piety under Lugonu
  3440 | D:4      | Found a shadowy altar of Dithmenos.
  3473 | D:5      | Entered Level 5 of the Dungeon
  3508 | D:5      | Reached skill level 3 in Invocations
  3568 | D:5      | Reached skill level 4 in Invocations
  3817 | D:5      | Found Dutaguca's Antique Weapon Boutique.
  3817 | D:5      | Noticed Duvessa
  3817 | D:5      | Noticed Dowan
  3838 | D:5      | Killed Dowan
  3868 | D:5      | Killed Duvessa
  3868 | D:5      | Reached skill level 5 in Invocations
  3868 | D:5      | Reached XP level 7. HP: 16/52 MP: 8/11
  4130 | D:5      | Found a shadowy altar of Dithmenos.
  4139 | D:5      | Reached skill level 6 in Invocations
  4466 | D:6      | Noticed Menkaure
  4468 | D:6      | Noticed Blork the orc
  4477 | D:6      | Slain by Blork the orc

Skill      XL: |  1  2  3  4  5  6  7 |
---------------+----------------------+-----
Long Blades    | 2 |  2.5
Polearms       | 1 2 4 5 |  5.4
Invocations    | 5 6 |  6.0
Fighting       | |  3.0
Armour         | |  1.7
Dodging        | |  0.8

Action                   |  1- 3 |  4- 6 |  7- 9 || total
-------------------------+-------+-------+-------++-------
Melee: Falchion          |    19 |       |       ||    19
       Spear             |    62 |   196 |    36 ||   294
Invok: Depart the Abyss  |     1 |       |       ||     1
       Bend Space        |       |     5 |     3 ||     8
  Use: Scroll            |     2 |     5 |     1 ||     8
       Potion            |     1 |     3 |       ||     4
 Stab: Sleeping          |     1 |       |       ||     1
  Eat: Chunk             |     1 |    17 |     2 ||    20
Armor: Leather armour    |    19 |    41 |     7 ||    67
Dodge: Dodged            |    32 |    73 |    12 ||   117
       Rpst.: Falchion   |     4 |       |       ||     4
